 Dungeon Crawl Stone Soup version 0.28.0-53-g5a82cb258f (webtiles) character file.

Game seed: 9397884978919124138

23 Kranky the Thaumaturge (level 3, 25/25 HPs)
             Began as a Gnoll Wanderer on June 17, 2022.
             Was a High Priest of Ignis.
             Quit the game on level 1 of the Dungeon.
             The game lasted 00:04:16 (545 turns).

Kranky the Thaumaturge (Gnoll Wanderer)              Turns: 545, Time: 00:04:16

Health: 25/25      AC:  4    Str: 14    XL:     3   Next: 0%
Magic:  13/13      EV: 11    Int: 10    God:    Ignis [*****.]
Gold:   26         SH:  0    Dex: 11    Spells: 19/20 levels left

rFire   + . .      SeeInvis .   a - +0 shortbow
rCold   . . .      Faith    .   (shield currently unavailable)
rNeg    . . .      Spirit   .   d - +0 leather armour
rPois   .          Reflect  .   (no helmet)
rElec   .          Harm     .   (no cloak)
rCorr   .          Rampage  .   (no gloves)
Will    .....                   c - +0 pair of boots
Stlth   ++........              (no amulet)
HPRegen 0.08/turn               (no ring)
MPRegen 0.13/turn               (no ring)

@: no status effects
A: fangs 1, strong nose, distributed training
a: Renounce Religion, Fiery Armour, Foxfire Swarm, Rising Flame


You were on level 1 of the Dungeon.
You worshipped Ignis.
Ignis was extremely pleased with you.
You visited 1 branch of the dungeon, and saw 1 of its levels.

You collected 26 gold pieces.

Inventory:

Hand Weapons
 a - a +0 shortbow (weapon)
 f - a +0 hand axe
Missiles
 b - 23 arrows (quivered ammo)
Armour
 c - a +0 pair of boots (worn)
 d - a +0 leather armour (worn)
Scrolls
 e - a scroll of enchant weapon {unknown}
 h - a scroll of identify {unknown}
Potions
 g - 2 potions of magic {unknown}


   Skills:
 + Level 0.5 Fighting
 + Level 0.5 Short Blades
 + Level 0.5 Long Blades
 + Level 0.5 Axes
 + Level 0.5 Maces & Flails
 + Level 0.5 Polearms
 + Level 0.5 Staves
 + Level 0.5 Slings
 + Level 4.5 Bows
 + Level 0.5 Crossbows
 + Level 0.5 Throwing
 + Level 2.5 Armour
 + Level 0.5 Dodging
 + Level 4.1 Stealth
 + Level 0.5 Shields
 + Level 0.5 Unarmed Combat
 + Level 9.3 Spellcasting
 + Level 0.4 Conjurations
 + Level 0.4 Hexes
 + Level 0.4 Summonings
 + Level 0.4 Necromancy
 + Level 0.4 Translocations
 + Level 0.4 Transmutations
 + Level 0.4 Fire Magic
 + Level 0.4 Ice Magic
 + Level 0.4 Air Magic
 + Level 0.4 Earth Magic
 + Level 0.4 Poison Magic
 + Level 0.7 Invocations
 + Level 0.5 Evocations


You had 19 spell levels left.
You knew the following spells:

 Your Spells              Type           Power      Damage    Failure   Level
a - Shock                 Conj/Air       20%        1d4       16%         1

Your spell library contained the following spells:

 Spells                   Type           Power      Damage    Failure   Level
 Slow                     Hex            20%        N/A       16%         1
 Mephitic Cloud           Conj/Pois/Air  5%         N/A       43%         3
 Swiftness                Air            5%         N/A       43%         3


Dungeon Overview and Level Annotations

Branches:
Dungeon (1/15)

Altars:
Ignis


Innate Abilities, Weirdness & Mutations

You have very sharp teeth.
Your uncanny sense of smell can sniff out nearby items.
Your experience applies equally to all skills.


Message History

You have reached level 3!
Your experience leads to an increase in your attributes!
Increase (S)trength, (I)ntelligence, or (D)exterity?
You feel stronger. x2
b - 18 arrows (gained 1)
Things that are here:
a +0 dagger; 20 stones; a frilled lizard corpse
b - 19 arrows (gained 1)
Things that are here:
a +0 short sword; 3 stones; a kobold corpse Your magical contamination has completely faded away.
You see here a rat corpse.
Found a frilled lizard skeleton.
b - 20 arrows (gained 1)
Things that are here:
a +0 whip; a kobold corpse; a rat skeleton
b - 21 arrows (gained 1)
b - 22 arrows (gained 1)
Things that are here:
a +0 dagger; a kobold corpse You enter the shallow water.
Moving in this stuff is going to be slow.
b - 23 arrows (gained 1)
Things that are here:
a +0 dagger; a kobold corpse You see here a frilled lizard skeleton.
Really attack while wielding your +0 shortbow? [Y]es or [N]o only, please.
Really attack while wielding your +0 shortbow?
Okay, then.
You see here a frilled lizard skeleton.
Things that are here:
a +0 whip; a kobold corpse; a rat skeleton You see here a rat corpse.
Things that are here:
a +0 dagger; 20 stones; a frilled lizard corpse
Things that are here:
a +0 short sword; 3 stones; a kobold corpse A hobgoblin comes into view.
Are you sure you want to abandon this character and quit the game? (Confirm with "yes".)

# #.# #.'''''###.# ##.
####.# #.# ###....###.###..
#....# #.#####.#####.......
#.# ####.##......†....#####
#.###....##.##.#####.#...##
#.##.#.####.##.........#...
#.#.###.## .########.#...##
#######.)## ##.##.##
#.###### .......)).#
##.@..# #.# # #########†##
####..# #.# ♣PP)P#♣P# ...#
#.# #♣##÷..#P# .#... ...
#PP÷...)P♣ .g.###
#♣.......♣ .. # ♣...§§.≈♣
... ♣.......♣ ..# #..
♣P......♣ #..


You could see a hobgoblin.

Vanquished Creatures
  A bat (D:1)
  3 endoplasms (D:1)
  A giant cockroach (D:1)
  3 goblins (D:1)
  A hobgoblin (D:1)
  2 ball pythons (D:1)
  2 frilled lizards (D:1)
  5 kobolds (D:1)
  4 rats (D:1)
22 creatures vanquished.

Vanquished Creatures (others)
  5 plants (D:1)
5 creatures vanquished.

Grand Total: 27 creatures vanquished

Notes
Turn   | Place    | Note
-------+----------+-------------------------------------------
     0 | D:1      | Reached skill level 9 in Spellcasting
     0 | D:1      | Kranky the Gnoll Wanderer began the quest for the Orb.
     0 | D:1      | Kranky set off with the following items: a +0 shortbow, 25
                  | arrows, a +0 pair of boots, a +0 leather armour; and the
                  | following spells available to memorise: Shock, Slow,
                  | Mephitic Cloud, Swiftness
     0 | D:1      | Reached XP level 1. HP: 13/13 MP: 10/10
     2 | D:1      | Learned a level 1 spell: Shock
   183 | D:1      | Reached XP level 2. HP: 19/19 MP: 9/12
   317 | D:1      | Found a faded altar of an unknown god.
   330 | D:1      | Prayed at the altar of an unknown god.
   330 | D:1      | Became a worshipper of Ignis, the Dying Flame
   474 | D:1      | Reached XP level 3. HP: 21/25 MP: 6/13
   545 | D:1      | Quit the game

Illustrated notes

Levels and vault maps discovered:
D:1:      minmay_arrival_floating_metal, layout_loops_ring,
          hellmonk_ecumenical_altar_heavens_door, lexackson_kobold_supper

Skill      XL: | |
---------------+-+-----
Spellcasting   | |  9.3
Fighting       | |  0.5
Short Blades   | |  0.5
Long Blades    | |  0.5
Axes           | |  0.5
Maces & Flails | |  0.5
Polearms       | |  0.5
Staves         | |  0.5
Slings         | |  0.5
Bows           | |  4.5
Crossbows      | |  0.5
Throwing       | |  0.5
Armour         | |  2.5
Dodging        | |  0.5
Stealth        | |  4.1
Shields        | |  0.5
Unarmed Combat | |  0.5
Conjurations   | |  0.4
Hexes          | |  0.4
Summonings     | |  0.4
Necromancy     | |  0.4
Translocations | |  0.4
Transmutations | |  0.4
Fire Magic     | |  0.4
Ice Magic      | |  0.4
Air Magic      | |  0.4
Earth Magic    | |  0.4
Poison Magic   | |  0.4
Invocations    | |  0.7
Evocations     | |  0.5

Action                   || total
-------------------------++-------
 Fire: Shortbow          ||     9
 Cast: Shock             ||    31
Armor: Leather armour    ||     3
Dodge: Dodged            ||     5
